[Event "Early-Titled-Tuesday-Blitz-May-07-2024"]
[Site "Chess.com"]
[Date "2024.05.07"]
[Round "9"]
[White "imdvb6307"]
[Black "Chessdude1987"]
[Result "0-1"]
[WhiteElo "2508"]
[BlackElo "2383"]
[TimeControl "180+1"]
[EndTime "9:51:42 PDT"]
[Termination "Chessdude1987 won on time"]

1. d4 e6 2. Nf3 f5 3. Bf4 Nf6 4. e3 c5 5. c3 d5 6. h3 Bd6 7. Nbd2 O-O 8. Be2 Nc6 9. O-O Ne4 10. Bxd6 Qxd6 11. dxc5 Qxc5 12. c4 f4 13. cxd5 exd5 14. Rc1 Qe7 15. Nxe4 dxe4 16. Qd5+ Kh8 17. Nd4 f3 18.
gxf3 Bxh3 19. fxe4 Rad8 20. Nxc6 bxc6 21. Qh5 Bxf1 22.
Bxf1 Rf6 23. Bg2 Rg6 24. Qc5 Qxe4 25. f3 Qxf3 0-1

[Event "Early-Titled-Tuesday-Blitz-May-07-2024"]
[Site "Chess.com"]
[Date "2024.05.07"]
[Round "9"]
[White "m_ezat"]
[Black "unbreakablepawn35"]
[Result "1-0"]
[WhiteElo "2570"]
[BlackElo "2420"]
[TimeControl "180+1"]
[EndTime "9:51:44 PDT"]
[Termination "m_ezat won by resignation"]

1. e4 d5 2. exd5 Qxd5 3. Nc3 Qd8 4. d4 Nf6 5. Nf3 Bg4 6. h3 Bxf3 7. Qxf3 c6 8. Be3 e6 9. Bc4 Bb4 10. O-O Nd5 11. Nxd5 cxd5 12. Bd3 O-O 13. c3 Be7 14.
Rae1 Nc6 15. Qg4 g6 16. Bh6 Re8 17. Rxe6 Bf6 18. Rxe8+ Qxe8 19. h4 Qe6 20. Qxe6 fxe6 21. g3 Re8 22. Re1 e5 23. Bb5 Kf7 24. dxe5 Rxe5 25.
Rxe5 Bxe5 26. Bxc6 bxc6 27. Be3 a5 28. a4 Bc7 29. b4 Ke6 30. Kf1 Kf5 31. Ke2 Bd8 32. Bc5 h5 33. b5 cxb5 34. axb5 Bc7 35. Kd3 Ke5 36. Be3 Ke6 37. c4 dxc4+ 38. Kxc4 a4 39. b6 Bb8 40. Kb4 Kd7 41. Kxa4 Kc6 42. Ka5 Bd6 43. Ka6 Bb8 44. b7 Bd6 45. Bf4 1-0

[Event "Early-Titled-Tuesday-Blitz-May-07-2024"]
[Site "Chess.com"]
[Date "2024.05.07"]
[Round "9"]
[White "stepanosinovsky"]
[Black "lluiss"]
[Result "1/2-1/2"]
[WhiteElo "2304"]
[BlackElo "2223"]
[TimeControl "180+1"]
[EndTime "9:51:46 PDT"]
[Termination "Game drawn by repetition"]

1. Nf3 Nf6 2. g3 g6 3. Bg2 Bg7 4. O-O O-O 5. d3 d5 6. Nbd2 c5 7. e4 Nc6 8. Re1 h6 9. a4 Be6 10. exd5 Nxd5 11. Nc4 b6 12. c3 Rc8 13. Rxe6 fxe6 14.
Qe2 Rf6 15. h4 Qc7 16. Nh2 Rcf8 17. Ng4 Kh7 18. Nxf6+ Rxf6 19. Be4 Kg8 20. Bd2 Ne5 21. Bxd5 exd5 22. Qxe5 Qd7 23. Ne3 Rxf2 24. Qxg7+ Kxg7 25. Kxf2 d4 26. Nc4 Qf5+ 27. Ke2 Qg4+ 28. Kf2 Qf5+ 29.
Ke2 Qg4+ 30. Kf2 Qf5+ 1/2-1/2

[Event "Early-Titled-Tuesday-Blitz-May-07-2024"]
[Site "Chess.com"]
[Date "2024.05.07"]
[Round "9"]
[White "UF_10"]
[Black "milovichalex"]
[Result "1-0"]
[WhiteElo "2498"]
[BlackElo "2336"]
[TimeControl "180+1"]
[EndTime "9:51:50 PDT"]
[Termination "UF_10 won by resignation"]

1. e4 e5 2. Nf3 Nc6 3. Bb5 a6 4. Bxc6 dxc6 5. O-O Bg4 6. d3 Qf6 7. Nbd2 Ne7 8. h3 h5 9. Re1 Ng6 10. hxg4 hxg4 11. Nh2 Rxh2 12. Kxh2 Qxf2 13. Nf1 Nh4 14. Qxg4 Qxe1 15. Qg3 Qxf1 16. Qxh4 Qd1 17. Qg5 f6 18. Qg6+ Ke7 19. b3 c5 20. Ba3 Qxc2 21. Rc1 Qd2 22. Rxc5 Kd8 23. Rd5+ Bd6 24. Bxd6 Qf4+ 25. Kh3 cxd6 26.
Qxg7 Qe3+ 27. g3 Qb6 28. Qf8+ Kc7 29. Qxa8 Qe3 30. Qf8 Qg5 31. Qxd6+ 1-0

[Event "Early-Titled-Tuesday-Blitz-May-07-2024"]
[Site "Chess.com"]
[Date "2024.05.07"]
[Round "9"]
[White "GMBenjaminBok"]
[Black "Nitzan_Steinberg"]
[Result "1/2-1/2"]
[WhiteElo "3049"]
[BlackElo "2941"]
[TimeControl "180+1"]
[EndTime "9:51:51 PDT"]
[Termination "Game drawn by repetition"]

1. d4 d5 2. c4 c6 3. Nf3 Nf6 4. cxd5 cxd5 5. Nc3 Nc6 6. Bf4 Bf5 7. e3 e6 8. Qb3 Bb4 9. Ne5 Qa5 10. Nxc6 bxc6 11. a3 Bxc3+ 12. bxc3 Ne4 13. Qb4 Qxb4 14. cxb4 Kd7 15.
f3 Nd6 16. Ba6 Rhb8 17. g4 Bg6 18. Kd2 Rb6 19. Be2 a5 20. h4 h6 21. h5 Bh7 22. g5 hxg5 23. Bxg5 axb4 24. axb4 Rxa1 25. Rxa1 Rxb4 26. Ra8 f6 27. Bf4 Rb2+ 28. Ke1 Rb1+ 29. Kf2 Rb2 30. Ke1 Rb1+ 31. Kf2 Rb2 32. Ra7+ Rb7 33. Ra2 Nc4 34. Ra8 Rb2 35. Ra7+ Ke8 36. Ke1 Rb1+ 37. Kf2 Rb2 38. Ke1 Rb1+ 39. Kf2 Rb2 1/2-1/2

[Event "Early-Titled-Tuesday-Blitz-May-07-2024"]
[Site "Chess.com"]
[Date "2024.05.07"]
[Round "9"]
[White "Abund"]
[Black "Mikhail_Bryakin"]
[Result "0-1"]
[WhiteElo "2754"]
[BlackElo "2894"]
[TimeControl "180+1"]
[EndTime "9:51:51 PDT"]
[Termination "Mikhail_Bryakin won by resignation"]

1. e4 d5 2. exd5 Qxd5 3. Nc3 Qe5+ 4. Be2 Bg4 5. d4 Bxe2 6. Ngxe2 Qa5 7. O-O Nf6 8. b4 Qh5 9. Bf4 e6 10. Qd3 Nc6 11.
b5 Nb4 12. Qc4 Nbd5 13. Be5 Bd6 14. Ng3 Qg6 15. Nxd5 Nxd5 16. Rae1 O-O 17. Qb3 Bxe5 18. Rxe5 Rfd8 19. Rd1 Nf6 20. h3 Rd5 21. c4 Rd7 22. Qe3 Rad8 23. Rg5 Qc2 24. Rc1 Qb2 25. Kh2 Qxd4 26.
Qf3 h6 27. Rg4 Nxg4+ 28. hxg4 b6 29. Nh5 Qe5+ 30. g3 Rd2 31. a4 R8d3 32. Qg2 Qd4 33. Rf1 e5 34. Nf4 exf4 35. Qa8+ Qd8 36. Qc8 Qxc8 0-1

[Event "Early-Titled-Tuesday-Blitz-May-07-2024"]
[Site "Chess.com"]
[Date "2024.05.07"]
[Round "9"]
[White "Cipy77"]
[Black "KogotBobra17"]
[Result "1-0"]
[WhiteElo "2621"]
[BlackElo "2727"]
[TimeControl "180+1"]
[EndTime "9:51:52 PDT"]
[Termination "Cipy77 won by checkmate"]

1. c4 e6 2. Nf3 d5 3. g3 Nf6 4. Bg2 dxc4 5. Qa4+ Nbd7 6. Qxc4 a6 7. O-O b5 8. Qc2 Bb7 9. Nc3 c5 10. a4 Qb6 11. d3 Be7 12. axb5 axb5 13. Rxa8+ Bxa8 14. Bf4 O-O 15. Ra1 Bc6 16. Qb3 Nd5 17. Bd2 Bf6 18. Ne1 Bd4 19. e3 Bxc3 20. bxc3 Ne5 21. Rb1 Qc7 22. h3 h6 23. f4 Nd7 24. e4 N5b6 25. Nf3 Rd8 26. Be3 c4 27. dxc4 Nxc4 28. Bd4 Bxe4 29. Ra1 Qb7 30. Ra7 Qc6 31. Ne1 Bxg2 32. Nxg2 Nc5 33. Qd1 Ne4 34. Qg4 g6 35. Qh4 Rxd4 36.
cxd4 Kg7 37. Qd8 Ned6 38. Ra8 g5 39. Qh8+ Kg6 40. Rg8+ Kf5 41. Qh7+ Kf6 42. Qxh6+ Ke7 43. Qf8+ Kf6 44. Qg7+ Ke7 45. Qxg5+ f6 46. Qg7+ Nf7 47.
Qf8+ Kd7 48. Qxf7+ Kd6 49. Rd8+ Qd7 50. Qxd7# 1-0

[Event "Early-Titled-Tuesday-Blitz-May-07-2024"]
[Site "Chess.com"]
[Date "2024.05.07"]
[Round "9"]
[White "Happy1712Drummer"]
[Black "ahmedkandiliii"]
[Result "0-1"]
[WhiteElo "2516"]
[BlackElo "2648"]
[TimeControl "180+1"]
[EndTime "9:51:52 PDT"]
[Termination "ahmedkandiliii won by resignation"]

1. e4 e5 2. Nf3 Nc6 3. Nc3 Nf6 4. d4 exd4 5. Nd5 Nb4 6. Bd3 Nbxd5 7. exd5 Nxd5 8.
O-O Be7 9. Nxd4 O-O 10. Qh5 Nf6 11. Qh4 d5 12. Bg5 h6 13. Bxh6 Ne4 14. Qh5 gxh6 15. Rae1 Bc5 16. Nf3 Bd6 17. c3 c6 18. Qxh6 Qf6 19. Qh5 Qf5 20. Qh4 Qg4 21. Qh6 Bf4 22. Rxe4 dxe4 23. Qf6 exf3 24. g3 Qh3 0-1

[Event "Early-Titled-Tuesday-Blitz-May-07-2024"]
[Site "Chess.com"]
[Date "2024.05.07"]
[Round "9"]
[White "djokovic74"]
[Black "toninhojit"]
[Result "0-1"]
[WhiteElo "2786"]
[BlackElo "2595"]
[TimeControl "180+1"]
[EndTime "9:51:53 PDT"]
[Termination "toninhojit won on time"]

1. e4 e5 2. Nf3 Nc6 3. Bb5 Nf6 4. d3 Bc5 5. O-O d6 6. c3 Bb6 7. Nbd2 O-O 8. Re1 a6 9. Ba4 Ng4 10. Re2 f5 11. exf5 Bxf5 12. Nf1 Kh8 13. Ng3 Bd7 14.
h3 Rxf3 15. gxf3 Qh4 16. d4 exd4 17. fxg4 d3 18. Qxd3 Qxh3 19. Qf3 Bxg4 20. Qg2 Qh4 21. Re4 Ne5 22. Be3 Bxe3 23. fxe3 Qg5 24. Rf4 Nd3 25.
Raf1 Nxf4 0-1

[Event "Early-Titled-Tuesday-Blitz-May-07-2024"]
[Site "Chess.com"]
[Date "2024.05.07"]
[Round "9"]
[White "WilsonPalencia21"]
[Black "Witik"]
[Result "1-0"]
[WhiteElo "2544"]
[BlackElo "2821"]
[TimeControl "180+1"]
[EndTime "9:51:53 PDT"]
[Termination "WilsonPalencia21 won by resignation"]

1. d4 Nf6 2. c4 g6 3. Nf3 Bg7 4.
Nc3 d5 5. Bg5 Ne4 6. cxd5 Nxg5 7. Nxg5 e6 8. Qd2 exd5 9. Qe3+ Kf8 10. Qf4 Bf6 11. h4 h6 12. Nf3 Kg7 13. O-O-O h5 14. e3 Bg4 15. Be2 c6 16. Ne5 Bxe2 17. Nxe2 Nd7 18.
Nd3 Qa5 19. Kb1 Rae8 20. Qg3 Nb6 21. Nef4 Nc4 22. Nc1 Nd2+ 23. Ka1 Rd8 24. Nfd3 Ne4 25. Qf3 b6 26. Qe2 c5 27. Nf4 Rhe8 28. g4 cxd4 29.
Nb3 Qb4 30. Nxd4 hxg4 31. h5 g5 32. h6+ Kh8 33. Nh5 Be5 34. Nc6 Qa5 35. Nxa5 1-0

[Event "Early-Titled-Tuesday-Blitz-May-07-2024"]
[Site "Chess.com"]
[Date "2024.05.07"]
[Round "9"]
[White "Zq1"]
[Black "kuchma777"]
[Result "1-0"]
[WhiteElo "2618"]
[BlackElo "2501"]
[TimeControl "180+1"]
[EndTime "9:51:53 PDT"]
[Termination "Zq1 won on time"]

1. d4 Nf6 2. c4 e6 3. g3 d5 4. Bg2 dxc4 5. Nf3 c5 6. O-O Be7 7.
dxc5 Nbd7 8. Na3 O-O 9. Nxc4 Bxc5 10. Bf4 Nd5 11. Bd6 Bxd6 12. Nxd6 N7b6 13. Nxc8 Rxc8 14. Nd4 Qe7 15. Qb3 Rc5 16. Qa3 Qf6 17. Qxc5 Rc8 18. Qa5 Qxd4 19. Qxa7 h6 20. Bxd5 exd5 21. Rad1 Qb4 22.
Qxb7 Rc2 23. Rfe1 Qxb2 24. Rb1 Qc3 25. Qxb6 d4 26. Qb4 Qc6 27. Qxd4 Rxa2 28. Rb8+ Kh7 29. Qd3+ g6 30. Qd4 f6 31. Rb6 1-0

[Event "Early-Titled-Tuesday-Blitz-May-07-2024"]
[Site "Chess.com"]
[Date "2024.05.07"]
[Round "9"]
[White "Nf3c5"]
[Black "Alexandr_Kholin"]
[Result "1-0"]
[WhiteElo "2601"]
[BlackElo "2490"]
[TimeControl "180+1"]
[EndTime "9:51:54 PDT"]
[Termination "Nf3c5 won on time"]

1. e4 e5 2. Nf3 Nc6 3. Nc3 Nf6 4. h3 Bb4 5. Nd5 Bc5 6. c3 Nxd5 7. exd5 Ne7 8.
Nxe5 Nxd5 9. Bc4 c6 10. d4 Be7 11. Bxd5 cxd5 12. Qf3 O-O 13. Qxd5 d6 14. Nf3 Be6 15. Qh5 Bc4 16. b3 Bd3 17. Be3 Rc8 18. Kd2 Bg6 19. Qb5 Be4 20. Ng5 a6 21. Qe2 1-0

[Event "Early-Titled-Tuesday-Blitz-May-07-2024"]
[Site "Chess.com"]
[Date "2024.05.07"]
[Round "9"]
[White "dennisodessa"]
[Black "Smiechu"]
[Result "0-1"]
[WhiteElo "2538"]
[BlackElo "2412"]
[TimeControl "180+1"]
[EndTime "9:51:54 PDT"]
[Termination "Smiechu won by resignation"]

1. d4 Nf6 2. c4 c5 3. d5 e6 4. Nc3 exd5 5. cxd5 d6 6. e4 g6 7. h3 Bg7 8. Nf3 O-O 9. Bd3 a6 10. a4 Re8 11. O-O Nbd7 12. Re1 Ne5 13. Nxe5 Rxe5 14. Bf4 Re8 15. Bh2 Nd7 16. Bxd6 Qb6 17. e5 Nxe5 18.
Bxe5 Bxe5 19. Qc2 Bd7 20. Re2 Bd4 21. Rae1 Rxe2 22. Rxe2 Re8 23. Rxe8+ Bxe8 24. b3 Qd8 25. Bc4 Bxc3 26. Qxc3 b5 27. Bf1 Qxd5 28. Qa5 Qxb3 29. Qd8 Qe6 30. axb5 axb5 31. Bxb5 Kf8 32. h4 h5 33. g3 c4 34. Bxe8 Qxe8 35. Qc7 Qe1+ 36. Kh2 Qxf2+ 37. Kh3 Qf5+ 38. Kh2 Qe6 39. Qc5+ Kg8 40. Qd4 Qc6 41. Qd8+ Kh7 42. Qe7 Qf3 43. Qc7 c3 0-1

[Event "Early-Titled-Tuesday-Blitz-May-07-2024"]
[Site "Chess.com"]
[Date "2024.05.07"]
[Round "9"]
[White "MokshAD1603"]
[Black "ImportedItalianMaple"]
[Result "1-0"]
[WhiteElo "2633"]
[BlackElo "2503"]
[TimeControl "180+1"]
[EndTime "9:51:55 PDT"]
[Termination "MokshAD1603 won by resignation"]

1. e4 g6 2. d4 Bg7 3. Nc3 d5 4. exd5 Nf6 5. Bb5+ Nbd7 6. Nge2 O-O 7. Nf4 Nb6 8. O-O Nbxd5 9. Re1 Bg4 10. Qd3 Bf5 11.
Qe2 c6 12. Nfxd5 Nxd5 13. Bc4 Nb4 14. Bb3 Qxd4 15. Qxe7 Bxc2 16. Be3 Nd5 17. Nxd5 Qxb2 18. Bxc2 cxd5 19. Rac1 Rfe8 20. Qd7 Qxa2 21. Bd3 a5 22.
Qxb7 a4 23. Bb1 Qb3 24. Qc6 a3 25. Qc2 Qb2 26. Ba2 Bf6 27. h3 Rad8 28. Bd2 Kg7 29. Rxe8 Rxe8 30. Bxd5 Re2 31. Qc7 Rxd2 32. Qxf7+ Kh6 33.
Qf8+ Bg7 34. Qf4+ g5 35. Rc6+ Qf6 36. Rxf6+ 1-0

[Event "Early-Titled-Tuesday-Blitz-May-07-2024"]
[Site "Chess.com"]
[Date "2024.05.07"]
[Round "9"]
[White "laysa_latifah"]
[Black "rhwr"]
[Result "1-0"]
[WhiteElo "2482"]
[BlackElo "2293"]
[TimeControl "180+1"]
[EndTime "9:51:56 PDT"]
[Termination "laysa_latifah won by resignation"]

1. e4 c5 2. Nf3 d6 3. c3 Nf6 4. h3 e6 5. Bd3 Be7 6. O-O O-O 7. Bc2 Nc6 8. d4 cxd4 9. cxd4 d5 10. e5 Nd7 11. Nc3 f6 12. exf6 Nxf6 13. Re1 a6 14. a3 Bd6 15. Ng5 e5 16. Nxd5 Nxd4 17. Nxf6+ Qxf6 18. Bxh7+ Kh8 19. Rf1 Nf5 20. Ne4 Qe7 21.
Bxf5 Bxf5 22. Qxd6 Qh4 23. Ng3 Bh7 24. Qxe5 Rae8 25. Qg5 Qd4 26. Be3 Qxb2 27. Rad1 Rf7 28. Rd8 Ref8 29. Bd4 Kg8 1-0

[Event "Early-Titled-Tuesday-Blitz-May-07-2024"]
[Site "Chess.com"]
[Date "2024.05.07"]
[Round "9"]
[White "KorolDimitriy75"]
[Black "JosefineHeinemann"]
[Result "1-0"]
[WhiteElo "2380"]
[BlackElo "2502"]
[TimeControl "180+1"]
[EndTime "9:51:57 PDT"]
[Termination "KorolDimitriy75 won by resignation"]

1. d4 Nf6 2. c4 g6 3. Nc3 d5 4.
cxd5 Nxd5 5. e4 Nxc3 6. bxc3 Bg7 7. Nf3 c5 8. Rb1 O-O 9. Be2 cxd4 10. cxd4 Qa5+ 11.
Qd2 Qxd2+ 12. Bxd2 b6 13. O-O Bb7 14. d5 Nd7 15. Bb4 Rfe8 16. Bb5 Rad8 17. Rfc1 a6 18. Rc7 Bc8 19. Bc6 f5 20. Rxc8 Rxc8 21. Bxd7 fxe4 22. Bxc8 Rxc8 23. Bxe7 Rc3 24. d6 Rd3 25. Ng5 e3 26. fxe3 Bf8 27. Rxb6 Bxe7 28. dxe7 Rxe3 29. Rb8+ 1-0

[Event "Early-Titled-Tuesday-Blitz-May-07-2024"]
[Site "Chess.com"]
[Date "2024.05.07"]
[Round "9"]
[White "santosalberto1987"]
[Black "vaishali2001"]
[Result "0-1"]
[WhiteElo "2569"]
[BlackElo "2692"]
[TimeControl "180+1"]
[EndTime "9:52:00 PDT"]
[Termination "vaishali2001 won by resignation"]

1. e4 c6 2. c4 d5 3. exd5 cxd5 4. cxd5 Nf6 5. Qa4+ Nbd7 6. Bc4 g6 7. Nc3 Bg7 8. Nf3 O-O 9. d3 a6 10. Qa3 Rb8 11. Bf4 Ra8 12. O-O Nb6 13. Qb3 Bg4 14. Ne5 Nh5 15. Be3 Nxc4 16. Nxc4 b5 17. Nd2 e6 18. h3 Bf5 19. g4 Qh4 20. gxf5 Qxh3 21. dxe6 Qg4+ 22. Kh1 Qh4+ 23. Kg2 Qg4+ 24. Kh1 Be5 25.
exf7+ Rxf7 26. f4 Qh3+ 27. Kg1 Qxe3+ 28. Kh1 Qh3+ 29. Kg1 Bd4+ 30. Rf2 Qg3+ 31. Kh1 Bxf2 0-1

[Event "Early-Titled-Tuesday-Blitz-May-07-2024"]
[Site "Chess.com"]
[Date "2024.05.07"]
[Round "9"]
[White "maurovargas01"]
[Black "LamaChampetre"]
[Result "1-0"]
[WhiteElo "1978"]
[BlackElo "2182"]
[TimeControl "180+1"]
[EndTime "9:52:03 PDT"]
[Termination "maurovargas01 won by resignation"]

1. e4 c5 2. Nc3 Nc6 3. f4 g6 4.
Nf3 Bg7 5. d3 Nd4 6. g3 d6 7.
Bg2 Nf6 8. O-O O-O 9. Ne2 Nxf3+ 10. Bxf3 Bh3 11. Rf2 Rb8 12. Kh1 Ng4 13. Bxg4 Bxg4 14. Qe1 b5 15. Ng1 Qd7 16. Qf1 Bd4 17. Rd2 Qc6 18. h3 Bd7 19. Nf3 Bg7 20. g4 c4 21.
Qe1 cxd3 22. cxd3 Rfc8 23. Qh4 h6 24. Qxe7 Re8 25. Qh4 b4 26. f5 gxf5 27. gxf5 Bxf5 28. Rg2 Bg6 29. Bxh6 Bxh6 30. Qxh6 d5 31. Rag1 Re6 32. Ng5 dxe4 33. Nxe6 Qxe6 34. Rxg6+ fxg6 35. Rxg6+ Qxg6 36. Qxg6+ Kf8 37. Qd6+ 1-0

[Event "Early-Titled-Tuesday-Blitz-May-07-2024"]
[Site "Chess.com"]
[Date "2024.05.07"]
[Round "9"]
[White "RodTwinkz"]
[Black "2346PL"]
[Result "1-0"]
[WhiteElo "2676"]
[BlackElo "2538"]
[TimeControl "180+1"]
[EndTime "9:52:04 PDT"]
[Termination "RodTwinkz won by resignation"]

1. e4 e5 2. Nc3 Nf6 3. f4 d5 4. fxe5 Nxe4 5. Nf3 Nc6 6. d3 Nxc3 7. bxc3 Bg4 8. d4 Be7 9. Rb1 O-O 10. Rxb7 f6 11.
Be2 fxe5 12. dxe5 Bc5 13. Rb5 Bb6 14. Qxd5+ Kh8 15. Qxc6 Bd7 16. Qc4 Bxb5 17. Qxb5 Qe7 18. Qb4 Qe6 19. Qe4 Qxa2 20. Bd3 g6 21. e6 Rf6 22.
Bc4 Qa1 23. Ke2 Qxc3 24. Bg5 Rxf3 25. gxf3 Kg7 26. e7 Re8 27. Bb5 c6 28. Bxc6 Qc5 29.
Bxe8 Qf2+ 30. Kd3 1-0

[Event "Early-Titled-Tuesday-Blitz-May-07-2024"]
[Site "Chess.com"]
[Date "2024.05.07"]
[Round "9"]
[White "Payyappat"]
[Black "karinachess1"]
[Result "1-0"]
[WhiteElo "2512"]
[BlackElo "2588"]
[TimeControl "180+1"]
[EndTime "9:52:04 PDT"]
[Termination "Payyappat won by resignation"]

1. e4 e5 2. Nf3 Nc6 3. Bc4 Nf6 4. d4 exd4 5. e5 d5 6. Bb5 Ne4 7. Nxd4 Bd7 8. Bxc6 bxc6 9. O-O Bc5 10. f3 Ng5 11. f4 Ne4 12. Be3 O-O 13. Nd2 f6 14. Nxe4 dxe4 15. c3 Qe7 16. b4 fxe5 17. fxe5 Bxd4 18.
Bxd4 Rxf1+ 19. Qxf1 Be6 20. Re1 Bd5 21. a3 Qe6 22.
Qe2 a5 23. Qe3 h6 24. Rf1 Bc4 25. Rf4 Bd3 26. Kf2 axb4 27. axb4 Ra2+ 28. Kg3 Qg6+ 29. Rg4 Rxg2+ 30. Kxg2 Qxg4+ 31. Qg3 Qe6 32. Kf2 Kh7 33. Ke3 Qf5 34. h3 Qf1 35. e6 Qc1+ 36. Kf2 Qf1+ 37. Ke3 g5 38. Qxc7+ Kg6 39. Qg7+ Kh5 40. Qf7+ Kh4 41.
Qxf1 Bxf1 42. e7 Bxh3 43. e8=Q 1-0

[Event "Early-Titled-Tuesday-Blitz-May-07-2024"]
[Site "Chess.com"]
[Date "2024.05.07"]
[Round "9"]
[White "Arlo2024"]
[Black "djano"]
[Result "0-1"]
[WhiteElo "2398"]
[BlackElo "2569"]
[TimeControl "180+1"]
[EndTime "9:52:05 PDT"]
[Termination "djano won on time"]

1. e4 c5 2. Nc3 Nc6 3. g3 h5 4. Bg2 h4 5. g4 e6 6. h3 Nf6 7.
d3 d5 8. exd5 Nxd5 9. Nxd5 exd5 10. Ne2 f5 11. g5 Be7 12. Rg1 Be6 13. Bd2 Qd7 14. c3 O-O-O 15. Nf4 Bxg5 16. Qf3 Ne5 17. Qe2 Rhe8 18. O-O-O Bg8 19. Qh5 Bh6 20. d4 cxd4 21. cxd4 Nc4 22. Qf3 Re4 23. Nd3 Nxd2 24. Rxd2 Kb8 25. Rd1 Rxd4 26. Kb1 Bxd2 27. Rxd2 f4 28.
Nc5 Qf5+ 29. Nd3 Bh7 30. Bf1 Rc8 0-1

[Event "Early-Titled-Tuesday-Blitz-May-07-2024"]
[Site "Chess.com"]
[Date "2024.05.07"]
[Round "9"]
[White "VirtualCoach"]
[Black "Gumugama"]
[Result "1-0"]
[WhiteElo "2154"]
[BlackElo "2249"]
[TimeControl "180+1"]
[EndTime "9:52:05 PDT"]
[Termination "VirtualCoach won on time"]

1. Nf3 Nf6 2. b3 g6 3. Bb2 Bg7 4. g3 O-O 5. Bg2 d6 6. d4 Nbd7 7. O-O Rb8 8. c4 c5 9. Nc3 a6 10. e4 b5 11. cxb5 axb5 12. e5 Ne8 13. Ne4 Bb7 14.
Re1 Qc7 15. exd6 exd6 16. Rc1 c4 17. Qc2 d5 18. Ned2 Nd6 19. Ne5 Nf5 20. Ndf3 Rfc8 21.
g4 Nd6 22. Qe2 Ne4 23. Qe3 Nxe5 24. Nxe5 Nf6 25. Qf4 Ra8 26. a3 Qd6 27. g5 Nh5 28. Qxf7+ Kh8 29. Qxb7 Rf8 30. Nf7+ Rxf7 31. Qxf7 Rf8 32.
Re8 1-0

[Event "Early-Titled-Tuesday-Blitz-May-07-2024"]
[Site "Chess.com"]
[Date "2024.05.07"]
[Round "9"]
[White "RusPakhom"]
[Black "Darko-Dimitrijevic"]
[Result "1/2-1/2"]
[WhiteElo "2340"]
[BlackElo "2238"]
[TimeControl "180+1"]
[EndTime "9:52:07 PDT"]
[Termination "Game drawn - insufficient material"]

1. d4 g6 2. e4 Bg7 3. Nc3 b6 4. Nf3 Bb7 5. Bc4 e6 6. d5 e5 7. Bg5 f6 8. Be3 d6 9. h4 h5 10. Qd2 Nd7 11. O-O-O a6 12. Be2 Nc5 13. Rdg1 Nh6 14.
Ne1 b5 15. a3 f5 16. Bg5 Qd7 17. exf5 Nxf5 18. Nd3 Nd4 19. Nxc5 dxc5 20. Bd3 Qd6 21. f4 c4 22. fxe5 Bxe5 23. Ne4 Qxd5 24. Nf6+ Bxf6 25.
Bxf6 O-O 26. Bxd4 Qxd4 27. Bxg6 Qxd2+ 28. Kxd2 Rad8+ 29. Kc1 Rd5 30. Rd1 Kg7 31. Rxd5 Bxd5 32.
Bxh5 Kh6 33. Bf3 Bxf3 34. gxf3 Rxf3 35. Kd2 c5 36. Ke2 Rg3 37. Kf2 Rg4 38. Kf3 Rd4 39.
Rh2 b4 40. axb4 cxb4 41. Ke3 Rg4 42. c3 a5 43. cxb4 axb4 44. Kf3 Rd4 45. Ke3 Rd3+ 46. Ke4 Rb3 47. Rc2 c3 48. bxc3 Rxc3 49. Rxc3 bxc3 50.
Kd3 c2 51. Kxc2 Kh5 52. Kd2 Kxh4 1/2-1/2

[Event "Early-Titled-Tuesday-Blitz-May-07-2024"]
[Site "Chess.com"]
[Date "2024.05.07"]
[Round "9"]
[White "DominguezOnYoutube"]
[Black "Grandelicious"]
[Result "1-0"]
[WhiteElo "2984"]
[BlackElo "2909"]
[TimeControl "180+1"]
[EndTime "9:52:08 PDT"]
[Termination "DominguezOnYoutube won by resignation"]

1. e4 c5 2. Nf3 e6 3. d4 cxd4 4. Nxd4 Nc6 5. Nc3 Qc7 6. Be2 Nf6 7. Ndb5 Qb8 8. f4 d6 9. Be3 a6 10. Nd4 Bd7 11. g4 Nxd4 12. Qxd4 Bc6 13. g5 Nd7 14.
O-O-O Qc7 15. Rhe1 Rc8 16. Kb1 e5 17. Qd2 exf4 18.
Bxf4 Ne5 19. Nd5 Bxd5 20. exd5 Rd8 21. h4 Be7 22. h5 O-O 23. Bd3 f5 24. Rf1 Rde8 25.
Bxe5 dxe5 26. Bxf5 Bd6 27. Qd3 Kh8 28. Bxh7 Rf4 29. Be4 Qe7 30. h6 gxh6 31. gxh6 Ref8 32. Rg1 Qh4 33. Rde1 Bc5 34. Rh1 Qg5 35. a3 Bd6 36. Reg1 Qe7 37. Qg3 R4f7 38. Qg7+ 1-0

[Event "Early-Titled-Tuesday-Blitz-May-07-2024"]
[Site "Chess.com"]
[Date "2024.05.07"]
[Round "9"]
[White "kacperkarwowski"]
[Black "Doublekk14"]
[Result "0-1"]
[WhiteElo "2496"]
[BlackElo "2363"]
[TimeControl "180+1"]
[EndTime "9:52:09 PDT"]
[Termination "Doublekk14 won on time"]

1. d4 Nf6 2. Bg5 Ne4 3. Bf4 d5 4. f3 Nf6 5. e3 e6 6. Bd3 Bd6 7. Ne2 c5 8. c3 Nc6 9. Nd2 cxd4 10.
cxd4 Bxf4 11. Nxf4 Qd6 12. O-O Nxd4 13. exd4 Qxf4 14. Bb5+ Bd7 15. Bxd7+ Nxd7 16. Nb3 O-O 17. Rc1 Rac8 18. Qd3 Nb6 19. Nc5 Na4 20. b4 b6 21.
Nb3 Nb2 22. Qa6 Qe3+ 23. Kh1 Rxc1 24. Nxc1 Nc4 25. Nb3 Qe2 26. Rg1 h5 27. Qxa7 Nb2 28. Nc1 Qd2 29. Qxb6 Nd1 30. h3 Qxc1 31. Kh2 Qf4+ 32.
g3 Qd2+ 33. Rg2 Qd3 34. Qa6 Qxa6 0-1

[Event "Early-Titled-Tuesday-Blitz-May-07-2024"]
[Site "Chess.com"]
[Date "2024.05.07"]
[Round "9"]
[White "Ginger_GM"]
[Black "InitiatingASC"]
[Result "1-0"]
[WhiteElo "2664"]
[BlackElo "2428"]
[TimeControl "180+1"]
[EndTime "9:52:10 PDT"]
[Termination "Ginger_GM won on time"]

1. Nf3 d5 2. e3 Bg4 3. c4 c6 4.
Nc3 e6 5. cxd5 exd5 6. Qb3 Qb6 7. Qa4 Qb4 8. Qc2 Nf6 9. b3 Be7 10. Bb2 Nbd7 11. a3 Qd6 12. Be2 O-O 13. Nd4 Bxe2 14.
Ncxe2 g6 15. O-O Ng4 16. f4 Bf6 17. h3 Nh6 18. g4 Bxd4 19. Bxd4 f5 20. g5 Nf7 21. b4 Rfe8 22. Bb2 Kf8 23. Nd4 Ke7 24.
Nb3 Nf8 25. Nc5 Qc7 26. Bf6+ Kd6 27. Rac1 Ne6 28. b5 cxb5 29. d4 Nxc5 30. dxc5+ Kc6 31. Qd3 a6 32. Rfd1 Qd7 33. a4 Nd8 34. Rb1 1-0

[Event "Early-Titled-Tuesday-Blitz-May-07-2024"]
[Site "Chess.com"]
[Date "2024.05.07"]
[Round "9"]
[White "GMthekingindian"]
[Black "s_stefi"]
[Result "1-0"]
[WhiteElo "2259"]
[BlackElo "1954"]
[TimeControl "180+1"]
[EndTime "9:52:11 PDT"]
[Termination "GMthekingindian won on time"]

1. d4 Nf6 2. Nf3 g6 3. g3 Bg7 4. Bg2 O-O 5. O-O d6 6. b3 Nbd7 7. Bb2 Re8 8. Re1 e5 9. dxe5 Ng4 10. Qc1 Ngxe5 11. c4 Qe7 12. Nc3 c6 13. Qd2 Nc5 14. Rad1 Rd8 15. b4 Ne6 16. Nxe5 Bxe5 17. f4 Bg7 18. e4 Nd4 19. Nd5 cxd5 20. Bxd4 dxc4 21. Bxg7 Kxg7 22. Qd4+ Kg8 23. Qxc4 Be6 24. Qd4 Rac8 25. f5 Bxa2 26. Kh1 a6 27. f6 Qe5 28. Qd2 Bb3 29.
Rb1 Be6 30. Rf1 Kh8 31. Rbd1 Bb3 32. Rb1 Bc4 33. Qh6 Rg8 34. Rf4 g5 35. Rf5 Qe6 36. Re1 Rg6 37. Qh3 Rxf6 38. Rxf6 Qxh3 39. Bxh3 g4 40.
Bxg4 Rg8 41. h3 1-0

[Event "Early-Titled-Tuesday-Blitz-May-07-2024"]
[Site "Chess.com"]
[Date "2024.05.07"]
[Round "9"]
[White "microbear"]
[Black "JaackCamel"]
[Result "1-0"]
[WhiteElo "2359"]
[BlackElo "2205"]
[TimeControl "180+1"]
[EndTime "9:52:12 PDT"]
[Termination "microbear won by checkmate"]

1. e4 e6 2. d4 d5 3. exd5 exd5 4. c4 Nf6 5. Nf3 Be7 6. Nc3 O-O 7. cxd5 Nxd5 8. Bc4 Nb6 9. Bb3 Bg4 10. Be3 N8d7 11.
h3 Bh5 12. O-O c6 13. Re1 Nf6 14. g4 Bg6 15. Ne5 Nfd5 16. Qf3 Bf6 17. Rac1 Qd6 18. Nxd5 Nxd5 19. Bxd5 cxd5 20. Bf4 Be4 21. Qg3 Bxe5 22.
Bxe5 Qa6 23. a3 Rac8 24. Bd6 Rfd8 25. Bc7 Re8 26. f3 Bd3 27. Be5 Bc4 28. Bd6 Rcd8 29. Bb4 Qg6 30. Qf4 h6 31. Kg2 Qd3 32. Kg3 Qg6 33. h4 Qa6 34. h5 Qa4 35. Re7 Rxe7 36. Bxe7 Re8 37. Re1 Qd7 38. Qe5 Bb3 39. g5 hxg5 40.
Qxg5 Qc7+ 41. Kf2 Qc2+ 42. Re2 Qd3 43. h6 Qxd4+ 44. Kg2 Rxe7 45. Rxe7 Qxb2+ 46. Kg3 g6 47. h7+ Kxh7 48. Rxf7+ Kg8 49. Qxg6+ Kh8 50. Qh7# 1-0